 Dungeon Crawl Stone Soup version 0.26-a0-651-gb41185065b (webtiles) character file.

Game seed: 1207539832556019845

10215 Lanoc the Cleaver (level 11, -8/115 (120) HPs)
             Began as an Octopode Berserker on Oct 31, 2020.
             Was a High Priest of Trog.
             Mangled by a killer bee (10 damage)
             ... on level 11 of the Dungeon.
             The game lasted 00:11:48 (10705 turns).

Lanoc the Cleaver (Octopode Berserker)             Turns: 10705, Time: 00:11:48

HP:   -8/115 (120)  AC:  1    Str: 18    XL:     11   Next: 58%
MP:   20/20         EV: 19    Int:  9    God:    Trog [*****.]
Gold: 415           SH:  5    Dex: 14    Spells: 10/10 levels left

rFire    . . .     SeeInvis .   I - +5 hand axe
rCold    . . .     Faith    +   w - +0 buckler
rNeg     . . .     Spirit   .   (helmet restricted)
rPois    .         Reflect  .   h - amulet of faith
rElec    .         Harm     .   b - ring of magical power
rCorr    .         Rampage  .   (no ring)
MR       ++...                  (no ring)
Stlth    ..........             (no ring)
HPRegen  1.29/turn              (no ring)
MPRegen  0.17/turn              (no ring)
                                (no ring)
                                (no ring)

@: berserking, regenerating, very quick
A: almost no armour, stealthy swim, amphibious, 8 rings, constrict 8, camouflage
1, gelatinous body 1
a: Berserk, Trog's Hand, Brothers in Arms, Renounce Religion


You were on level 11 of the Dungeon.
You worshipped Trog.
Trog was extremely pleased with you.
You visited 2 branches of the dungeon, and saw 12 of its levels.

You collected 712 gold pieces.
You spent 297 gold pieces at shops.

Inventory:

Hand Weapons
 G - a +3 scimitar of flaming
 I - a +5 hand axe (weapon)
Missiles
 B - 5 atropa-tipped darts (quivered)
Armour
 w - a +0 buckler (worn)
Jewellery
 b - a ring of magical power (left tentacle)
 h - an amulet of faith (around mantle)
Wands
 o - a wand of digging (10)
 r - a wand of iceblast (7)
 s - a wand of acid (40)
 y - a wand of polymorph (16)
 E - a wand of flame (18)
Scrolls
 a - 2 scrolls of enchant armour {unknown}
 c - a scroll of immolation {unknown}
 e - 5 scrolls of remove curse
 f - 7 scrolls of teleportation {unknown}
 g - 3 scrolls of fear {unknown}
 l - 3 scrolls of noise {unknown}
 n - 4 scrolls of blinking {unknown}
 q - a scroll of fog {unknown}
 t - 4 scrolls of enchant weapon {unknown}
 u - 3 scrolls of magic mapping {unknown}
 v - 2 scrolls of amnesia {unknown}
 x - a scroll of torment {unknown}
 F - 3 scrolls of identify
Potions
 d - 4 potions of might
 i - 2 potions of flight
 j - a potion of invisibility
 k - 2 potions of brilliance
 m - 2 potions of resistance
 p - 7 potions of curing
 z - a potion of haste
 A - 2 potions of degeneration {unknown}
 C - a potion of lignification
 D - a potion of ambrosia
 H - a potion of heal wounds {unknown}


   Skills:
 + Level 9.3 Fighting
 * Level 12.4 Axes
 + Level 9.3 Dodging
 - Level 4.0 Shields


You had 10 spell levels left.
You didn't know any spells.
Your spell library was empty.

Dungeon Overview and Level Annotations

Branches:
Dungeon (11/15)            Temple (1/1) D:7            Lair (0/6) D:8
    Orc: D:9-12

Altars:
Ashenzari
Dithmenos
Fedhas
Hepliaklqana
Makhleb
Nemelex Xobeh
Okawaru
Qazlal
Ru
Sif Muna
Trog
Uskayaw
Vehumet
Wu Jian
Zin
The Shining One

Shops:
D:9 [

Portals:
Trove: D:10 (give 8 potions of haste)

Annotations:
D:9 exclusions: oklob plant and oklob sapling


Innate Abilities, Weirdness & Mutations

You cannot wear most types of armour.
You are very stealthy in the water. (Stealth+)
You are amphibious.
You can wear up to eight rings at the same time.
You can use your tentacles to constrict eight enemies at once.
Your skin changes colour to match your surroundings (Stealth+).
Your rubbery body absorbs attacks. (AC +1, EV +1)


Message History

You hit the yak. You barely miss the killer bee. The killer bee stings you!
The orc priest invokes the aid of Beogh against you.
Beogh smites you!
* * * LOW HITPOINT WARNING * * *
The yak gores you!
* * * LOW HITPOINT WARNING * * *
You slash the orc priest!
You kill the orc priest!
Trog accepts your kill.
You miss the killer bee. You hit the yak. You miss the killer bee.
The killer bee stings you.
* * * LOW HITPOINT WARNING * * *
The killer bee stings you!
* * * LOW HITPOINT WARNING * * *
You hit the killer bee. Your grab misses the killer bee.
Your squeeze misses the killer bee.
The killer bee is lightly wounded.
You barely miss the yak. You miss the killer bee.
The killer bee completely misses you. The killer bee stings you!
You die...

...........
............
...........
..........#
..........##
...........#
......l....#
...Y..y)...#
..YY.YY@...#
..Y..oy†...####
....o.....#...#
..............#
..............#
..............#
.............##
.)............# ####
......)....#######...


You could see a komodo dragon, 6 yaks, 2 killer bees and 2 orc priests.

Vanquished Creatures
  A deep elf annihilator (D:11)
  Erica (D:8)
  A death yak (D:8)
  A wizard (D:11)
  Pikel (D:5)
  Joseph (D:7)
  A troll (D:10)
  A polar bear (D:8)
  Prince Ribbit (D:7)
  A meliai zombie (D:10)
  4 hippogriffs
  Sigmund (D:4)
  5 yaks (D:10)
  A steam dragon (D:10)
  A water moccasin (D:9)
  2 orc warriors
  2 sky beasts
  5 ice beasts
  2 phantoms
  A black bear (D:6)
  3 necrophages
  3 ogres
  A wolf (D:8)
  A centaur (D:10)
  A crocodile (D:9)
  2 lemures (D:5)
  2 big kobolds (D:10)
  A bullfrog (D:7)
  3 scorpions
  9 wights
  4 killer bees (D:10)
  3 howler monkeys (D:10)
  2 bullfrog zombies
  2 hounds (D:6)
  4 jellies
  A gnoll shaman (D:9)
  A centaur skeleton (D:9)
  3 orc priests
  2 bullfrog skeletons
  Terence (D:3)
  2 iguanas
  6 orc wizards
  9 worker ants
  Ijyb (D:5)
  2 hound skeletons (D:7)
  A worker ant zombie (D:7)
  6 gnolls
  13 adders
  A shadow imp (D:10)
  5 white imps
  An ufetubus (D:8)
  An ooze (D:3)
  An adder zombie (D:5)
  2 adder skeletons
  2 worms (D:2)
  3 dart slugs (D:2)
  4 leopard geckos
  29 orcs
  6 ball pythons
  4 giant cockroaches
  2 goblins
  4 hobgoblins
  16 jackals
  11 quokkas
  5 bats
  3 frilled lizards
  A jackal simulacrum (D:8)
  8 kobolds
  A leopard gecko skeleton (D:4)
  6 rats
239 creatures vanquished.

Vanquished Creatures (others)
  2 fungi (D:8)
  11 plants
13 creatures vanquished.

Grand Total: 252 creatures vanquished

Notes
Turn   | Place    | Note
-------+----------+-------------------------------------------
     0 | D:1      | Lanoc the Octopode Berserker began the quest for the Orb.
     0 | D:1      | Reached XP level 1. HP: 16/16 MP: 1/1
    71 | D:2      | Reached XP level 2. HP: 21/21 MP: 2/2
   100 | D:2      | HP: 1/21 [jackal (2)]
   203 | D:2      | Reached XP level 3. HP: 8/26 MP: 3/3
   679 | D:2      | Found a bloodstained altar of Trog.
   755 | D:2      | Reached ** piety under Trog
   812 | D:2      | Found a radiant altar of Vehumet.
   814 | D:2      | Found a sparkling altar of Nemelex Xobeh.
  1116 | D:3      | Reached skill level 4 in Axes
  1118 | D:3      | Reached XP level 4. HP: 21/31 MP: 4/4
  1400 | D:3      | Noticed Terence
  1407 | D:3      | Killed Terence
  1425 | D:3      | Reached XP level 5. HP: 10/37 MP: 5/5
  2232 | D:4      | Noticed Sigmund
  2240 | D:4      | Killed Sigmund
  2240 | D:4      | Reached skill level 5 in Axes
  2240 | D:4      | Reached XP level 6. HP: 43/43 MP: 6/6
  2821 | D:4      | Reached XP level 7. HP: 49/49 MP: 7/7
  3136 | D:5      | Entered Level 5 of the Dungeon
  3258 | D:5      | Noticed Ijyb
  3259 | D:5      | Noticed Pikel
  3263 | D:5      | Killed Ijyb
  3263 | D:5      | Reached skill level 6 in Axes
  3276 | D:5      | Killed Pikel
  3276 | D:5      | Reached skill level 5 in Fighting
  3276 | D:5      | Reached skill level 7 in Axes
  3276 | D:5      | Reached skill level 5 in Dodging
  3276 | D:5      | Reached XP level 8. HP: 50/55 MP: 8/8
  3278 | D:5      | Reached *** piety under Trog
  4473 | D:6      | Reached skill level 1 in Shields
  4551 | D:6      | Reached skill level 8 in Axes
  4774 | D:6      | Reached XP level 9. HP: 30/62 MP: 9/9
  5040 | D:6      | Reached **** piety under Trog
  5532 | D:7      | Noticed Prince Ribbit
  5541 | D:7      | Killed Prince Ribbit
  5642 | D:7      | Found a staircase to the Ecumenical Temple.
  5642 | D:7      | Noticed Joseph
  5654 | D:7      | Killed Joseph
  5654 | D:7      | Reached skill level 9 in Axes
  5660 | Temple   | Entered the Ecumenical Temple
  6846 | D:8      | You fall into a shaft and drop 2 floors!
  6846 | D:10     | Entered Level 10 of the Dungeon
  7027 | D:9      | Reached XP level 10. HP: 71/71 MP: 10/10
  7404 | D:9      | Found Sominen's Antique Armour Shoppe.
  7412 | D:9      | Bought a masterwork hat for 297 gold pieces
  7417 | D:9      | Identified the +1 hat "Jym Foim" {Harm rF+ rN+ Int+4} (You
                  | bought it in a shop on level 9 of the Dungeon)
  7584 | D:9      | Noticed an oklob plant
  7591 | D:9      | Found a blossoming altar of Fedhas.
  7641 | D:9      | Reached skill level 10 in Axes
  8175 | D:8      | Noticed a death yak
  8191 | D:8      | Killed a death yak
  8566 | D:8      | Found a staircase to the Lair.
  8571 | D:8      | Noticed Erica
  8579 | D:8      | Killed Erica
  8736 | D:8      | Reached ***** piety under Trog
  8911 | D:8      | Found a shimmering blue altar of Sif Muna.
  8924 | D:8      | Reached skill level 11 in Axes
  9850 | D:10     | Received a gift from Trog
  9969 | D:10     | Found a portal to a secret trove of treasure.
  9999 | D:10     | Reached XP level 11. HP: 78/78 MP: 11/11
 10431 | D:11     | Reached skill level 12 in Axes
 10503 | D:11     | Noticed a deep elf annihilator
 10508 | D:11     | Noticed a wizard
 10518 | D:11     | Killed a wizard
 10644 | D:11     | Killed a deep elf annihilator
 10704 | D:11     | HP: 2/115 [killer bee (8)]
 10705 | D:11     | Mangled by a killer bee

Illustrated notes

Levels and vault maps discovered:
D:1:      lightli_arrival_statuegarden, layout_rooms
D:2:      layout_loops_ring, chequers_temple_overflow_statue_of_worship,
          bloody_trog
D:3:      layout_loops_ring, uniq_terence
D:4:      layout_basic, uniq_sigmund
D:5:      layout_cave_pods, grunt_ministairs_8, uniq_ijyb, uniq_pikel
D:6:      layout_loops_ring
D:7:      layout_rooms, minmay_temple_entry_statues_pillars,
          lightli_orcish_oven, uniq_prince_ribbit1, uniq_joseph
D:8:      kennysheep_orc_sif_temple, layout_basic, dpeg_oklobed_lair,
          serial_ice, serial_ice_a, serial_ice_g, serial_ice_h, serial_ice_e,
          serial_ice_l, serial_ice_d, uniq_erica
D:9:      layout_irregular_city, serial_shops, shop, introduction_to_nature_2
D:10:     layout_roguey, enter_trove_1
D:11:     cheibrodos_wizards_tower, layout_cross
Temple:   regret_index_temple_chain_breaker

Skill      XL: |  1  2  3  4  5  6  7  8  9 10 11 |
---------------+----------------------------------+-----
Axes           | 4 5 7 8 9 11 12 | 12.4
Fighting       | 4 5 6 7 8 9 |  9.3
Dodging        | 4 5 6 7 8 9 |  9.3
Shields        | 2 4 |  4.0

Action                   |  1- 3 |  4- 6 |  7- 9 | 10-12 || total
-------------------------+-------+-------+-------+-------++-------
Melee: Hand axe          |    64 |    54 |   236 |   219 ||   573
       Constrict         |    19 |    14 |    43 |    32 ||   108
       Tentacles         |    11 |    10 |    54 |    48 ||   123
Invok: Berserk           |     2 |     5 |    13 |    14 ||    34
       Trog's Hand       |       |       |       |     1 ||     1
Evoke: Wand              |       |       |       |     1 ||     1
  Use: Potion            |       |     2 |       |       ||     2
       Scroll            |       |       |       |    10 ||    10
 Stab: Sleeping          |     5 |     9 |     8 |     5 ||    27
Armor: Skin              |     6 |       |     5 |     5 ||    16
Dodge: Dodged            |    64 |    46 |   103 |   168 ||   381
Block: Buckler           |       |       |    21 |    37 ||    58

Table legend: (Time is in decaauts)
 A = Elapsed time spent in this place.
 B = Non-inter-level travel time spent in this place.
 C = Inter-level travel time spent in this place.
 D = Time resting spent in this place.
 E = Time spent auto-exploring this place.
 F = Levels seen in this place.
 G = Mean time per level.
                   A        B        C        D        E       F      G
               +--------+--------+--------+--------+--------+-----+--------+
         Total |  10944 |  10623 |    321 |    240 |   8930 |  12 |  912.0 |
       Dungeon |  10716 |  10411 |    305 |    240 |   8720 |  11 |  974.2 |
        Temple |    228 |    212 |     16 |      0 |    210 |   1 |  228.0 |
               +--------+--------+--------+--------+--------+-----+--------+

Top non-repeatable levels by time:
     D:8: 1833 daAuts
     D:5: 1344 daAuts
    D:10: 1319 daAuts
     D:4: 1245 daAuts
     D:6: 1101 daAuts
     D:9: 1070 daAuts
     D:3: 958 daAuts
     D:2: 955 daAuts
     D:7: 638 daAuts
  Temple: 228 daAuts
    D:11: 188 daAuts
     D:1: 60 daAuts
